Match 42207293
Unlisted

Match 42207293
End
Construct Barracks
Selects Armored Battlegroup
Selects Veteran Crews
1⁄4-ton 4x4 Truck
Riflemen Squad
1⁄4-ton 4x4 Truck
Riflemen Squad
Infantry Support Center
Mechanized Support Center
Selects Field Repairs
Construct Motor Pool
M1 Anti-tank Gun Team
Grenade Package
M24 Chaffee Light Tank
Riflemen Squad
Selects War Machine
M8 Greyhound Armored Car
Engineer Squad
M8 Greyhound Armored Car
Selects Strength in Steel
M8 Greyhound Armored Car
M16 Multiple Gun Motor Carriage
M1 Mortar Team
M1 Anti-tank Gun Team
Selects M8 Scott SPG
Selects UNKNOWN (2160077)
Ξ Striker
Zazzels_ZA
nerf R.N.G
Sparkle
Mo-J
Wheeler
0
0

Comments sign in to comment!

No comments posted yet!